 Dungeon Crawl Stone Soup version 0.31-a0-66-ge618eeaa78 (webtiles) character file.

Game seed: 9269703374445599989

397 lunkers the Insei (level 7, -32/52 HPs)
             Began as a Meteoran Wanderer on May 22, 2023.
             Killed by an exploding ball python (36 damage)
             ... ignited by their inner flame
             ... in a sewer.
             The game lasted 00:05:25 (2033 turns).

lunkers the Insei (Meteoran Wanderer)               Turns: 2033, Time: 00:05:25

Health: -32/52     AC:  6    Str: 11    XL:     7   Next: 32%
Magic:  9/12       EV: 22    Int: 21    God:
Gold:   126        SH:  0    Dex: 22    Spells: 7/11 levels left

rFire   . .          .
                       - Unarmed
rCold   . . .        (shield currently unavailable)
rNeg    . . .        b - melded +0 robe
rPois   x            p - melded +2 helmet
rElec   .            y - melded +0 cloak
rCorr   .            (gloves currently unavailable)
SInv    .            (boots currently unavailable)
Will    .....        (no amulet)
Stlth   +            m - +6 ring of intelligence
HPRegen 0.28/turn    l - +4 ring of protection
MPRegen 0.13/turn

%: no passive effects
@: spider-form, weak-willed, glowing
A: venomous fangs, tiny, sense surroundings 1, otherworldly, glowing, explore
regen
a: End Transformation


You were in a sewer.
You were a venomous arachnid creature.
You visited 1 branch of the dungeon, and saw 4 of its levels.
You also visited: Sewer.

You collected 126 gold pieces.

Inventory:

Hand Weapons
 a - a +0 dagger
Armour
 b - a +0 robe (melded)
 c - a +0 helmet
 p - a +2 helmet (melded)
 y - a +0 cloak (melded)
Jewellery
 l - a +4 ring of protection (right front pincers)
 m - a +6 ring of intelligence (left front pincers)
Wands
 o - a wand of iceblast (9)
 u - a wand of acid (7)
 x - a wand of flame (13)
Scrolls
 f - 2 scrolls of vulnerability
Potions
 d - a potion of curing
 e - 2 potions of might
 g - a potion of invisibility
 j - a potion of ambrosia
 n - a potion of heal wounds {unknown}
 w - a potion of haste {unknown}


   Skills:
 - Level 1.4 Fighting
 - Level 3.6 Dodging
 * Level 6.5 Unarmed Combat
 - Level 2.6 Spellcasting
 - Level 2.4 Conjurations
 + Level 3.9 Transmutations
 + Level 2.8 Poison Magic


You had 7 spell levels left.
You knew the following spells:

 Your Spells              Type           Power      Damage    Failure   Level
b - Spider Form           Tmut/Pois      15%        N/A       28%         3
p - Beastly Appendage     Tmut           38%        N/A       10%         1

Your spell library contained the following spells:

 Spells                   Type           Power      Damage    Failure   Level
 Kiss of Death            Conj/Necr      24%        2d7       24%         1
 Shock                    Conj/Air       24%        1d4       24%         1
 Hailstorm                Conj/Ice       6%         3d4       50%         3


Dungeon Overview and Level Annotations

Branches:
Dungeon (4/15) Zot: 397     Sewer (1/1) Zot: 582
 Temple: D:4-7

Altars:
Fedhas


Innate Abilities, Weirdness & Mutations

You are a venomous arachnid creature.
You have venomous fangs.
You are tiny and dextrous.
Your spellcasting is less reliable in this form.
Your armour is entirely melded.
You are incapable of wielding weapons or throwing items.
You passively map a small area around you.
You are easily found by Zot.
You glow in the dark.
You regain HP and MP as you explore.


Message History

The adder bites you but does no damage. The ball python misses you.
The ball python constricts you. The jelly hits you but does no damage.
As you read the scroll of identify, it crumbles to dust.
g - a potion of invisibility The adder bites you but does no damage.
The ball python bites you.
* * * LOW HITPOINT WARNING * * *
The ball python constricts you. The jelly hits you but does no damage.
As you read the scroll of identify, it crumbles to dust.
j - a potion of ambrosia The ball python bites you but does no damage.
The ball python constricts you. The adder barely misses you.
The ball python closely misses you. The jelly hits you but does no damage.
Casting: Spider Form (dangerous; 12% risk of failure)
Confirm with . or Enter, or press ? or * to list all spells.
You turn into a venomous arachnid creature.
Your +0 cloak melds into your body.
Your +2 helmet melds into your body.
Your +0 robe melds into your body.
The ball python barely misses you. The ball python constricts you.
The adder bites you but does no damage. The ball python closely misses you.
The jelly closely misses you. The ball python misses you.
The ball python constricts you.
You hit the adder but do no damage.
The adder is poisoned.
The adder closely misses you.
The ball python bites you but does no damage.
The ball python closely misses you. The ball python constricts you.
The jelly hits you but does no damage. The adder bites you but does no damage.
You bite the adder!
Flame seeps out of the adder.
The adder is almost dead.
The ball python bites you but does no damage.
The adder is engulfed in blazing flames.
The adder explodes!
The fiery explosion engulfs you!!
Ouch! That really hurt!
* * * LOW HITPOINT WARNING * * *
The fiery explosion engulfs the jelly!
The fiery explosion engulfs the ball python!!!
The ball python explodes!
The fiery explosion engulfs the ball python!!!
The fiery explosion engulfs you!!!
Ouch! That really hurt!
You die...

*~~,*,~,*,,,~,,,,∩** *~,~,,
*~~,**~~,~~,,,**~,,* *~,,,,
**,~,**~,~,,,~~**~~***,,,,,
**,~,*~~~~**~,,*.~#*~~,,~*
*,,~**,~,,~**,*#.~~~~,****
*,,**~,,,~,,###.~.~,~**
****,~~,**~~.~..~~****
**,,,~,####~...J,**
*~~,~,*#○s##SS#***
*~,~***#§§§#~~# **~,**
##JJ~~.# *,,,* ##~~.##
*~,** ##### *,~* **********
*,,* *,,~,,,,~* *,,*
*,,,,,,,,* *~~* *,,****,,*


You could see 2 endoplasms.

Vanquished Creatures
  Grinder (D:4)
  Crazy Yiuf (D:4)
  A jelly (Sewer)
  Ijyb (D:2)
  Terence (D:3)
  4 adders
  A dart slug (D:2)
  11 orcs
  8 ball pythons
  10 endoplasms
  3 giant cockroaches
  13 goblins
  7 hobgoblins
  4 jackals (D:2)
  2 kobolds (D:3)
  2 quokkas
  3 bats
  2 frilled lizards
  9 rats
84 creatures vanquished.

Notes
Turn   | Place    | Note
-------+----------+-------------------------------------------
     0 | D:1      | lunkers the Meteoran Wanderer began the quest for the Orb.
     0 | D:1      | lunkers set off with the following items: a +0 dagger, a +0
                  | robe, a +0 helmet; and the following spells available to
                  | memorise: Beastly Appendage, Kiss of Death, Shock,
                  | Hailstorm, Spider Form.
     0 | D:1      | Reached XP level 1. HP: 16/16 MP: 5/5
   146 | D:1      | Reached skill level 1 in Unarmed Combat
   146 | D:1      | Reached XP level 2. HP: 23/23 MP: 6/6
   500 | D:1      | Glimpsed the power of Zot.
   515 | D:1      | Reached skill level 2 in Unarmed Combat
   550 | D:1      | Glimpsed the power of Zot.
   611 | D:2      | Reached XP level 3. HP: 11/28 MP: 8/8
   782 | D:2      | Reached skill level 3 in Unarmed Combat
   842 | D:2      | Reached XP level 4. HP: 31/35 MP: 9/9
   848 | D:2      | Found a faded altar of an unknown god.
   974 | D:2      | Noticed Ijyb
   983 | D:2      | Learned a level 1 spell: Beastly Appendage
  1006 | D:2      | Killed Ijyb
  1007 | D:2      | Reached skill level 4 in Unarmed Combat
  1071 | D:3      | Learned a level 3 spell: Spider Form
  1088 | D:3      | Reached XP level 5. HP: 40/40 MP: 10/10
  1123 | D:3      | Noticed Terence
  1129 | D:3      | Killed Terence
  1218 | D:3      | Found a blossoming altar of Fedhas.
  1526 | D:3      | Reached skill level 5 in Unarmed Combat
  1532 | D:3      | Reached skill level 1 in Poison Magic
  1658 | D:4      | Reached XP level 6. HP: 47/47 MP: 4/11
  1770 | D:4      | Found a runed translucent door.
  1771 | D:4      | Noticed Crazy Yiuf
  1783 | D:4      | Killed Crazy Yiuf
  1858 | D:4      | Noticed Grinder
  1861 | D:4      | Paralysed by Grinder for 3 turns
  1880 | D:4      | Paralysed by Grinder for 3 turns
  1882 | D:4      | Killed Grinder
  1883 | D:4      | Reached skill level 6 in Unarmed Combat
  1883 | D:4      | Reached XP level 7. HP: 31/52 MP: 10/12
  2012 | D:4      | Found a glowing drain.
  2017 | Sewer    | Entered a sewer
  2033 | Sewer    | Killed by an exploding ball python... ignited by their
                  | inner flame

Illustrated notes

Levels and vault maps discovered:
D:1:      saegor_arrival_simple_b, layout_basic
D:2:      kennysheep_the_goblin_king, layout_basic,
          hellmonk_ecumenical_altar_prayer_group, minmay_misc_feat_roman,
          uniq_natasha
D:3:      mumra_celtic_spiral_tile, layout_loops_ring, fedhas_altar_fruit_tree,
          dreamdust_wishing_well, uniq_terence
D:4:      layout_cave_pods, okawaru_altar_gauntlet_db, gup_sewer_entry_bowl,
          nicolae_shop_unique_rings, corexii_leaking_fountain, moated_statue,
          uniq_crazy_yiuf_cottage, uniq_grinder
Sewer:    sewer_hellmonk_slimy_pipes

Skill      XL: |  1  2  3  4  5  6 |
---------------+-------------------+-----
Unarmed Combat | 1 2 3 4 5 6 |  6.5
Poison Magic   | 1 2 |  2.8
Transmutations | 3 |  3.9
Fighting       | |  1.4
Dodging        | |  3.6
Spellcasting   | |  2.6
Conjurations   | |  2.4

Action                     |  1- 3 |  4- 6 |  7- 9 || total
---------------------------+-------+-------+-------++-------
  Melee: Dagger            |    84 |       |       ||    84
         Punch             |     5 |     4 |       ||     9
         Unarmed           |    57 |   124 |    13 ||   194
         Kick              |       |     7 |       ||     7
         Headbutt          |       |     6 |       ||     6
   Cast: Beastly Appendage |       |     3 |       ||     3
         Spider Form       |       |     9 |     3 ||    12
    Use: Scroll            |       |       |    11 ||    11
   Stab: Sleeping          |       |     2 |       ||     2
 Armour: Robe              |    36 |    32 |    13 ||    81
         Skin              |       |    12 |     8 ||    20
  Dodge: Dodged            |    90 |    73 |    19 ||   182

Table legend: (Time is in decaauts)
 A = Elapsed time spent in this place.
 B = Non-inter-level travel time spent in this place.
 C = Inter-level travel time spent in this place.
 D = Time resting spent in this place.
 E = Time spent auto-exploring this place.
 F = Levels seen in this place.
 G = Mean time per level.
                   A        B        C        D        E       F      G
               +--------+--------+--------+--------+--------+-----+--------+
         Total |   2019 |   1969 |     50 |      0 |   1335 |   5 |  403.8 |
       Dungeon |   2002 |   1952 |     50 |      0 |   1335 |   4 |  500.5 |
         Sewer |     16 |     16 |      0 |      0 |      0 |   1 |   16.0 |
               +--------+--------+--------+--------+--------+-----+--------+

Top non-repeatable levels by time:
     D:1: 559 daAuts
     D:2: 499 daAuts
     D:3: 490 daAuts
     D:4: 453 daAuts
   Sewer: 16 daAuts
